 Dungeon Crawl Stone Soup version 0.31-a0-1547-g618ab1f346 (webtiles) character file.

Game seed: 12909463232683159943

479978 jt the Slayer (level 24, -1/357 HPs)
             Began as an Oni Hexslinger on Jan 2, 2024.
             Was the Champion of Nemelex Xobeh.
             Slain by a black draconian
             ... wielding a +0 glaive
              (8 damage)
             ... on level 4 of the Depths on Jan 3, 2024.
             The game lasted 03:23:36 (65628 turns).

jt the Slayer (Oni Hexslinger)                     Turns: 65628, Time: 03:23:36

Health: -1/357     AC: 38    Str: 33    XL:     24   Next: 52%
Magic:  37/37      EV: 10    Int: 19    God:    Nemelex Xobeh [******]
Gold:   7064       SH: 13    Dex: 17    Spells: 24/33 levels left

rFire   + . .        a - +7 sceptre of Torment {pain, torment}
rCold   + . .        M - +0 kite shield {AC+3}
rNeg    + + +        T - melded +1 storm dragon scales
rPois   ∞            L - +2 hat
rElec   +            s - +2 cloak {rF+}
rCorr   .            (gloves unavailable)
SInv    .            (boots unavailable)
Will    +++++        e - amulet of the Four Winds {rN+ Will+++ Clar}
Stlth   ++           f - ring "Newairph" {rC+ rN+ Str+2 Dex+6 Stlth-}
HPRegen 0.79/turn    p - ring of the Giraffatuar {Str+6 Int+3 Slay+3}
MPRegen 0.25/turn

%: clarity
@: statue-form, studying Short Blades, very slow
A: slow and powerful, torment resistance 1, boosted hp, large, unfitting armour,
horns 1, (tough skin 1), double potion healing, drunken brawling
}: 3/15 runes: decaying, silver, gossamer
a: Begin Untransformation, Renounce Religion, Draw Escape, Draw Destruction,
Draw Summoning, Draw Stack, Triple Draw, Deal Four, Stack Five


You were on level 4 of the Depths.
You worshipped Nemelex Xobeh.
Nemelex Xobeh was exalted by your worship.
You were a living statue of rough stone.
You visited 9 branches of the dungeon, and saw 43 of its levels.
You also visited: Sewer, Bailey, Gauntlet, Ice Cave and Volcano.

You collected 8206 gold pieces.
You spent 1142 gold pieces at shops.

Inventory:

Hand Weapons
 a - the +7 sceptre of Torment (weapon) {pain, torment}
   (You took it off a deep elf elementalist on level 2 of the Elven Halls)
 Q - the +7 great mace "Undeadhunter" {deathbane, rN+}
   (You found it on level 2 of the Elven Halls)

   rN+:       It protects you from negative energy.
 W - a +2 morningstar of holy wrath
Missiles
 x - 14 javelins
 K - 45 large rocks
 O - 10 silver javelins
 X - 15 curare-tipped darts
Armour
 s - a +2 cloak of fire resistance (worn)
 H - the scarf of Wajuc {rC+ rF+, Harm *Corrode SInv}
   (You found it on level 6 of the Dungeon)

   SInv:      It lets you see invisible.
   *Corrode:  It may corrode you when you take damage.
   Harm:      It increases damage dealt and taken.
 L - a +2 hat (worn)
 M - a +0 kite shield of protection (worn)
 T - +1 storm dragon scales (melded)
Jewellery
 e - the amulet of the Four Winds (around neck) {rN+ Will+++ Clar}
   (You found it on level 4 of the Spider Nest)

   [amulet of nothing]

   rN+:       It protects you from negative energy.
   Will+++:   It greatly increases your willpower.
   Clar:      It protects you from confusion, rage, mesmerisation and fear.
 f - the ring "Newairph" (left fist) {rC+ rN+ Str+2 Dex+6 Stlth-}
   (You found it on level 12 of the Dungeon)

   [ring of dexterity]

   Str+2:     It affects your strength (+2).
   Dex+6:     It affects your dexterity (+6).
   rC+:       It protects you from cold.
   rN+:       It protects you from negative energy.
   Stlth-:    It makes you less stealthy.
 m - a ring of protection from fire
 p - the ring of the Giraffatuar (right fist) {Str+6 Int+3 Slay+3}
   (You acquired it on level 11 of the Dungeon)

   [ring of strength]

   Str+6:     It affects your strength (+6).
   Int+3:     It affects your intelligence (+3).
   Slay+3:    It affects your accuracy & damage with ranged weapons and melee
   (+3).
Talismans
 i - a granite talisman (active)
Wands
 k - a wand of mindburst (29)
 y - a wand of flame (85)
 A - a wand of paralysis (46)
 E - a wand of iceblast (24)
 G - a wand of polymorph (19)
 S - a wand of digging (37)
 Y - a wand of light (10)
Scrolls
 b - 9 scrolls of poison
 d - a scroll of acquirement
 l - 13 scrolls of teleportation
 q - 5 scrolls of summoning
 u - 11 scrolls of revelation
 D - 3 scrolls of fog
 F - a scroll of silence
 J - 5 scrolls of vulnerability
 P - 6 scrolls of immolation
 U - 4 scrolls of blinking
 Z - 3 scrolls of fear
Potions
 c - 2 potions of enlightenment
 h - 3 potions of brilliance
 j - a potion of heal wounds
 n - 12 potions of mutation
 o - 6 potions of magic
 r - 6 potions of might
 t - 11 potions of haste
 v - 2 potions of cancellation
 z - 3 potions of curing
 I - 2 potions of berserk rage
 N - 8 potions of ambrosia
 R - 2 potions of resistance
 V - 2 potions of invisibility
Miscellaneous
 g - a condenser vane (inert)
 w - a phial of floods
 B - a phantom mirror
 C - a lightning rod (1/4)


   Skills:
 + Level 22.3 Fighting
 + Level 16.6 Maces & Flails
 - Level 1.4 Ranged Weapons
 - Level 4.0 Throwing
 - Level 12.8 Armour
 - Level 2.8 Dodging
 - Level 5.0 Stealth
 - Level 13.8 Shields
 - Level 5.0 Spellcasting
 - Level 2.6 Hexes
 + Level 7.9 Necromancy
 + Level 4.3 Translocations
 - Level 0.9 Fire Magic
 + Level 21.2 Invocations
 - Level 4.0 Evocations
 + Level 18.1 Shapeshifting


You had 24 spell levels left.
You knew the following spells:

 Your Spells              Type           Power      Damage    Failure   Level
a - Blink                 Tloc           42%        N/A       4%          2
b - Fugue of the Fallen   Necr           34%        N/A       1%          3
c - Dispel Undead         Necr           34%        3d15      6%          4

Your spell library contained the following spells:

 Spells                   Type           Power      Damage    Failure   Level
 Lesser Beckoning         Tloc           42%        N/A       4%          2
 Animate Dead             Necr           34%        N/A       6%          4
 Cigotuvi's Dreadful Rot  Necr/Alch/Air  28%        N/A       9%          2
 Jinxbite                 Hex            28%        N/A       9%          2
 Gell's Gravitas          Tloc           21%        N/A       9%          3
 Teleport Other           Tloc           21%        N/A       9%          3
 Momentum Strike          Conj/Tloc      26%        3d8       11%         2
 Foxfire                  Conj/Fire      24%        2x1d5     14%         1
 Ensorcelled Hibernation  Hex/Ice        18%        N/A       14%         2
 Sandblast                Erth           8%         2d5       17%         1
 Shock                    Conj/Air       16%        1d4       17%         1
 Sigil of Binding         Hex            14%        N/A       17%         3
 Tukima's Dance           Hex            14%        N/A       17%         3
 Volatile Blastmotes      Fire/Tloc      28%        2d12      17%         3
 Inner Flame              Hex/Fire       11%        N/A       24%         3
 Mercury Vapours          Alch/Air       8%         N/A       26%         2
 Manifold Assault         Tloc           21%        N/A       28%         4
 Passage of Golubria      Tloc           21%        N/A       28%         4
 Martyr's Knell           Necr/Summ      19%        N/A       32%         4
 Dimensional Bullseye     Hex/Tloc       9%         N/A       36%         4
 Call Canine Familiar     Summ           4%         N/A       45%         3
 Frozen Ramparts          Ice            8%         1d2       45%         3
 Hailstorm                Conj/Ice       4%         3d5       45%         3
 Mephitic Cloud           Conj/Alch/Air  4%         N/A       45%         3
 Ozocubu's Armour         Ice            4%         N/A       45%         3
 Passwall                 Erth           4%         N/A       45%         3
 Stone Arrow              Conj/Erth      8%         3d7       45%         3
 Summon Ice Beast         Ice/Summ       4%         N/A       45%         3
 Swiftness                Air            4%         N/A       45%         3
 Cause Fear               Hex            7%         N/A       50%         4
 Iskenderun's Mystic Bla  Conj/Tloc      13%        2d5       56%         4
 Borgnjor's Vile Clutch   Necr/Erth      9%         N/A       67%         5
 Death Channel            Necr           17%        N/A       69%         6
 Flame Wave               Conj/Fire      6%         2d5       80%         4
 Ignite Poison            Fire/Alch      6%         N/A       80%         4
 Summon Blazeheart Golem  Fire/Summ      6%         N/A       80%         4
 Airstrike                Air            2%         2d(1-17)  86%         4
 Brom's Barrelling Bould  Conj/Erth      4%         2d3       86%         4
 Fulminant Prism          Conj/Alch      2%         3d5       86%         4
 Leda's Liquefaction      Alch/Erth      2%         N/A       86%         4
 Petrify                  Alch/Erth      4%         N/A       86%         4
 Summon Lightning Spire   Summ/Air       4%         N/A       86%         4
 Summon Forest            Summ/Tloc      6%         N/A       88%         5
 Metabolic Englaciation   Hex/Ice        4%         N/A       95%         5
 Silence                  Hex/Air        4%         N/A       95%         5
 Summon Mana Viper        Hex/Summ       9%         N/A       95%         5
 Yara's Violent Unravell  Hex/Alch       4%         3d4       95%         5
 Fireball                 Conj/Fire      3%         3d4       98%         5
 Freezing Cloud           Conj/Ice/Air   2%         6-21      99%         5
 Dispersal                Tloc           10%        N/A       99%         6
 Plasma Beam              Fire/Air       3%         2x1d13    100%        6
 Sculpt Simulacrum        Ice/Alch       2%         N/A       100%        6
 Starburst                Conj/Fire      3%         6d3       100%        6
 Summon Cactus Giant      Summ           2%         N/A       100%        6
 Orb of Destruction       Conj           2%         9d5       100%        7
 Spellforged Servitor     Conj/Summ      2%         N/A       100%        7
 Disjunction              Tloc           10%        N/A       100%        8
 Dragon's Call            Summ           2%         N/A       100%        9


Dungeon Overview and Level Annotations

Branches:
Dungeon (15/15)            Temple (1/1) D:7            Lair (5/5) D:8
  Swamp (4/4) Lair:2       Spider (4/4) Lair:2        Slime (0/5) Lair:5
    Orc (2/2) D:12            Elf (3/3) Orc:2        Vaults (5/5) D:13
  Crypt (0/3) Vaults:3     Depths (4/4) D:15          Sewer (visited)
 Bailey (visited)           IceCv (visited)         Volcano (visited)
Gauntlet (visited)
    Zot: Depths:4

Altars:
Ashenzari
Cheibriados
Dithmenos
Elyvilon
Fedhas
Gozag
Hepliaklqana
Kikubaaqudgha
Makhleb
Nemelex Xobeh
Okawaru
Qazlal
Ru
Sif Muna
Trog
Uskayaw
Vehumet
Wu Jian
Xom
Yredelemnul
Zin
The Shining One
Jiyva

Shops:
D:2 =   D:11 (   D:12 *   Orc:2 (([=*   Elf:2 ?::=(   Vaults:4 [(   Depths:1 *

Portals:
Trove: Vaults:1 (give +3 shadow dragon scales)

Annotations:
Lair:5 1 runed translucent door
Elf:2 3 runed translucent doors


Innate Abilities, Weirdness & Mutations

You are a living statue of rough stone.
Your actions are slow, but your melee attacks are powerful.
You are resistant to unholy torment.
Your maximum health is greatly increased.
Your equipment is partially melded.
You are too large for most types of armour.
You are immune to poison.
You have a pair of small horns on your head.
((You have tough skin. (AC +1)))
You gain doubled healing and magic from potions.
Whenever you drink a healing potion, you attack all around you.


Message History

You feel very buoyant.
You fly up into the air.
The purple draconian shifter breathes dispelling energy at you.
The bolt of dispelling energy hits you!!
Your magical effects are unravelling.
* * * LOW HITPOINT WARNING * * *
The red draconian attacks as it pursues you!
The red draconian splashes around in the water.
You float gracefully downwards.
Splash!
You fall into the shallow water.
You are no longer corroded.
Your enlightenment fades.
The purple draconian shifter gestures wildly while chanting.
The purple draconian shifter blinks!
The black draconian breathes lightning at you.
The bolt of lightning hits the golden dragon!
The golden dragon resists.
The bolt of lightning hits you! You resist.
* * * LOW HITPOINT WARNING * * *
The red draconian breathes fire at you.
The searing blast hits you but does no damage.
You hear a roar! x4
Things that are here:
a +0 war axe; a red draconian corpse The purple draconian shifter points at you and mumbles some strange words.
You blink.
Splash!
You fall into the shallow water.
Found a glowing flail.
You block the black draconian's attack. You block the red draconian's attack.
The golden dragon bites you but does no damage.
You block the golden dragon's attack. The golden dragon tramples you!
* * * LOW HITPOINT WARNING * * *
You hold your ground!
The red draconian hits you with a +0 glaive!
* * * LOW HITPOINT WARNING * * *
The green draconian hits you with a +0 mace!
* * * LOW HITPOINT WARNING * * *
The green draconian closely misses you.
The black draconian hits you from afar with a +0 glaive!
You die...
Your body glows with a rainbow of weird colours and disappears.

.... ... #d'## ....###
'....'.. ....# #
#############)'''### #.
#.......).d.dd......
#####~~≈≈~)≈))d8~....~~~
≈≈≈≈≈≈≈≈≈~)≈§§D≈q§...~≈≈
~~~≈~~~~≈~§§~~~~~....~~~
.......).☼§.))..........
#####..)§.####........
#...[≈.## .........
##..<≈≈~.# ....!....
#..[=[≈≈.# )......
#.÷(÷~~~.###.


You could see a golden dragon, a black draconian, a green draconian, 2
draconians and a purple draconian shifter.

Vanquished Creatures
  An ancient lich (Vaults:5)
  Boris (Elf:3)
  Margery (Depths:4)
  the Enchantress (Depths:1)
  Jory (Vaults:3)
  Arachne (Spider:3)
  4 tentacled monstrosities
  A lich (Vaults:5)
  Mlioglotl (Swamp:3)
  8 titans (Vaults:5)
  A deep elf blademaster (Elf:2)
  A deep elf master archer (Elf:3)
  A searing wretch (Depths:4)
  2 sphinxes
  Frances (Swamp:1)
  2 shadow dragons (Vaults:5)
  3 storm dragons
  5 tengu reavers
  Donald (Vaults:4)
  A draconian monk (Depths:4)
  The ghost of Assuef the Sensei, an adept DsBe of Trog (Elf:3)
  An azure jelly (IceCv)
  2 fire giants
  4 deep elf elementalists
  7 deep elf sorcerers
  2 frost giants
  15 vault wardens
  An emperor scorpion (Spider:1)
  2 iron dragons (Depths:2)
  3 ghost moths
  3 spriggan defenders (Depths:1)
  4 orc warlords
  3 draconian annihilators (Depths:4)
  5 broodmothers
  16 ironbound preservers
  2 quicksilver oozes (IceCv)
  2 formless jellyfish (Vaults:1)
  6 deep elf demonologists
  3 green draconians (Depths:4)
  9 ironbound thunderhulks
  7 stone giants
  3 very ugly things
  2 vampire knights (Depths:4)
  2 black draconians (Depths:4)
  4 red draconians (Depths:4)
  5 deep elf death magi
  3 eleionomae
  4 spark wasps
  3 white draconians (Depths:4)
  11 dire elephants
  10 deep elf annihilators (Elf:3)
  3 purple draconians (Depths:4)
  5 war gargoyles
  2 bunyips
  A crystal guardian (Vaults:3)
  27 slime creatures
  6 entropy weavers
  6 jiangshi
  16 ettins
  6 fire dragons
  5 great orbs of eyes
  24 yaktaur captains
  2 shambling mangroves
  9 deep elf high priests
  14 hydras
  5 ice dragons
  36 vault guards
  2 ogre magi (Vaults:5)
  9 ironbound frosthearts
  2 ghost crabs
  3 peacekeepers
  A two-headed ogre (shapeshifter) (Vaults:5)
  5 spriggan air magi
  A jorogumo (Spider:3)
  3 two-headed ogres
  6 boulder beetles
  A catoblepas (D:14)
  18 centaur warriors
  2 alligators
  A radroach (Spider:4)
  A merfolk avatar (Lair:5)
  4 demonic crawlers
  2 deep troll shamans
  8 dancing weapons
  4 vampire magi
  3 deep troll earth magi
  3 orc high priests
  A hell knight (Depths:4)
  8 deep elf knights
  3 spriggan berserkers (Depths:1)
  An occultist (Depths:1)
  3 skysharks
  2 deep trolls (shapeshifter) (Vaults:5)
  A shadow wraith (Vaults:5)
  4 spriggan druids
  Lodul (D:14)
  An iron troll (Depths:1)
  2 goliath frogs
  A glowing orange brain (Depths:1)
  A sun moth (Spider:2)
  4 swamp dragons (Swamp:4)
  9 pharaoh ants
  A mana viper (Lair:5)
  19 deep elf archers
  36 deep trolls
  A flayed ghost (Depths:3)
  13 arcanists
  12 lindwurms
  2 bog bodies (Swamp:4)
  21 ironbound convokers
  8 phantasmal warriors
  3 steelbarb worms
  25 deep elf pyromancers
  18 deep elf zephyrmancers
  11 orc knights
  4 orb spiders
  Pikel (D:9)
  40 ugly things
  3 necromancers
  A wolf spider (shapeshifter) (Depths:4)
  10 harpies
  A tengu skeleton (Vaults:1)
  17 wolf spiders
  3 moths of wrath
  6 manticores
  An orc sorcerer (Vaults:2)
  4 salamanders
  A steelbarb worm (shapeshifter) (Vaults:5)
  A moth of wrath (shapeshifter) (Vaults:1)
  Maurice (D:8)
  8 kobold blastminers
  3 cyclopes
  15 elephants
  4 meliai
  24 vault sentinels
  Joseph (Lair:1)
  2 black mambas (Lair:4)
  A molten gargoyle (Volcano)
  An apocalypse crab (Gauntlet)
  4 torpor snails
  An ice statue (IceCv)
  A gargoyle (D:12)
  10 komodo dragons
  2 smoke demons (Depths:1)
  Jeremiah (D:7)
  10 cane toads
  7 rime drakes
  2 unseen horrors
  3 kobold demonologists (D:13)
  An efreet (Spider:1)
  17 yaktaurs
  2 human skeletons (Vaults:4)
  A tengu conjurer (Depths:2)
  8 trolls
  2 queen bees
  2 polar bears (Lair:5)
  20 tarantellas
  14 hornets
  4 tyrant leeches
  10 blink frogs
  A tarantella (shapeshifter) (Vaults:5)
  A glass eye (Depths:2)
  A snapping turtle (Lair:5)
  A stone giant simulacrum (Vaults:4)
  34 jumping spiders
  A shadow (D:12)
  2 air elementals
  A vampire (D:9)
  23 culicivoras
  13 spriggans
  8 wyverns
  38 yaks
  3 fire elementals
  3 wraiths
  7 fire bats (Volcano)
  14 water elementals
  3 basilisks
  17 humans
  A hog (Elf:2)
  6 wargs (Orc:2)
  A basilisk (shapeshifter) (Vaults:5)
  7 steam dragons
  64 redbacks
  Menkaure (D:7)
  7 vampire mosquitoes
  A chaos spawn (Spider:1)
  14 swamp worms
  2 acid dragons (D:14)
  A naga (Spider:2)
  A glowing shapeshifter zombie (Vaults:1)
  5 great orb of eyes simulacra (IceCv)
  A human simulacrum (Vaults:4)
  26 water moccasins
  4 hell hounds
  A swamp worm (shapeshifter) (Vaults:5)
  A human zombie (Vaults:1)
  28 orc warriors
  2 laughing skulls (D:13)
  11 swamp drakes
  Pargi (Sewer)
  11 ogres
  A sky beast (D:6)
  3 black bears
  A crocodile (D:11)
  2 tengu
  7 centaurs
  4 boggarts
  A lemure (D:9)
  4 slime creature simulacra (IceCv)
  7 kobold brigands
  A brain worm (Sewer)
  13 bullfrogs
  An earth elemental (Elf:1)
  A gnoll sergeant (D:9)
  2 scorpions
  2 glowing shapeshifter simulacra (IceCv)
  6 wights
  10 killer bees
  11 howler monkeys
  9 electric eels
  6 lava snakes
  2 bombardier beetles
  13 orc priests
  A hound (D:7)
  6 jellies
  3 iguanas
  21 orc wizards
  6 hell rats (Lair:2)
  3 shapeshifter simulacra (IceCv)
  4 gnolls
  11 adders
  A river rat (D:8)
  2 white imps
  5 dart slugs
  2 ribbon worms
  73 orcs
  11 endoplasms
  10 giant cockroaches
  7 goblins
  13 hobgoblins
  5 jackals
  3 quokkas
  16 ball pythons
  7 bats
  7 frilled lizards
  29 kobolds
  7 rats
1644 creatures vanquished.

Vanquished Creatures (collateral kills)
  A thorn hunter (Swamp:4)
  A fenstrider witch (Swamp:4)
  Roxanne (Swamp:4)
  2 broodmothers (Spider:4)
  An orc warlord (Orc:2)
  A minotaur (Gauntlet)
  A bunyip (Swamp:3)
  The ghost of mopl the Martial Artist, a journeyman DjSh of Uskayaw (D:12)
  A fire dragon (Volcano)
  An ogre mage (D:15)
  6 hydras
  A radroach (Spider:4)
  2 two-headed ogres (D:15)
  A centaur warrior (D:13)
  A tengu warrior (Swamp:3)
  A spriggan (Swamp:3)
  A skyshark (Lair:2)
  A spriggan berserker (Swamp:4)
  A goliath frog (Swamp:3)
  An orb spider (Spider:4)
  A swamp dragon (Swamp:3)
  A bog body (Swamp:4)
  A necromancer (D:13)
  2 orc knights
  A deep elf pyromancer (D:15)
  3 ugly things (D:15)
  An orc sorcerer (Orc:2)
  2 wolf spiders
  2 manticores (Lair:5)
  A cyclops (D:15)
  3 elephants (Lair:5)
  4 cane toads
  A molten gargoyle (Volcano)
  A rime drake (Lair:5)
  A freezing wraith (D:15)
  A tengu conjurer (Swamp:3)
  A tyrant leech (Swamp:4)
  A polar bear (Lair:5)
  A tarantella (Spider:2)
  2 hornets
  A blink frog (Lair:5)
  3 slime creatures (D:13)
  2 culicivoras (Lair:2)
  3 humans (D:13)
  8 yaks (Lair:2)
  A redback (Spider:2)
  2 basilisks
  3 neqoxecs (D:12)
  2 wargs (Orc:2)
  A naga (Spider:2)
  A water moccasin (Lair:2)
  7 orc warriors
  An ice beast (D:5)
  A sky beast (Spider:2)
  2 laughing skulls (D:13)
  3 ogres
  A bullfrog (D:5)
  A glowing shapeshifter simulacrum (IceCv)
  4 quasits (D:12)
  An orc priest (Orc:2)
  2 orc wizards (Orc:2)
  A hell rat (Lair:2)
  6 orcs (Orc:2)
  A kobold (D:6)
116 creatures vanquished.

Vanquished Creatures (others)
  A frost giant (Depths:2)
  An entropy weaver (Lair:4)
  A deep elf knight (Elf:1)
  A lindwurm (Vaults:2)
  A vault sentinel (Vaults:5)
  A bloated husk (Swamp:1)
  A slime creature (IceCv)
  A fire bat (Lair:4)
  A redback (Vaults:5)
  A naga (Lair:4)
  2 swamp drakes
  An adder (D:12)
  2 orcs
  2 giant cockroaches
  A hobgoblin (D:12)
  2 quokkas (D:12)
  An orc zombie (D:4)
  2 rats
23 creatures vanquished.

Grand Total: 1783 creatures vanquished

Notes
Turn   | Place    | Note
-------+----------+-------------------------------------------
     0 | D:1      | jt the Oni Hexslinger began the quest for the Orb.
     0 | D:1      | Reached XP level 1. HP: 19/19 MP: 2/2
   164 | D:1      | Reached skill level 2 in Fighting
   165 | D:1      | Reached XP level 2. HP: 28/28 MP: 3/3
   258 | D:1      | HP: 1/29 [hobgoblin (2)]
   706 | D:1      | Reached XP level 3. HP: 36/36 MP: 4/4
   838 | D:1      | Reached skill level 1 in Armour
   961 | D:2      | Reached skill level 1 in Maces & Flails
  1396 | D:2      | Found Detyqof's Jewellery Shoppe.
  1410 | D:2      | Learned a level 2 spell: Blink
  1590 | D:2      | Found a faded altar of an unknown god.
  1598 | D:2      | Prayed at the altar of an unknown god.
  1598 | D:2      | Became a worshipper of Nemelex Xobeh the Trickster
  1598 | D:2      | Reached * piety under Nemelex Xobeh
  1617 | D:2      | Reached XP level 4. HP: 44/44 MP: 5/5
  1876 | D:3      | Identified a scroll of acquirement
  1881 | D:3      | Found a glowing drain.
  1921 | Sewer    | Entered a sewer
  1975 | Sewer    | Reached skill level 3 in Fighting
  2022 | Sewer    | Noticed a brain worm
  2032 | Sewer    | Noticed Pargi
  2038 | Sewer    | Killed Pargi
  2039 | Sewer    | Reached XP level 5. HP: 45/54 MP: 4/6
  2041 | Sewer    | Reached skill level 4 in Fighting
  2041 | Sewer    | Reached XP level 6. HP: 53/62 MP: 4/7
  2150 | D:3      | Received a gift from Nemelex Xobeh
  2416 | D:3      | Reached ** piety under Nemelex Xobeh
  2586 | D:3      | Reached skill level 1 in Invocations
  2983 | D:3      | Received a gift from Nemelex Xobeh
  3218 | D:4      | Reached XP level 7. HP: 71/71 MP: 8/8
  3232 | D:4      | Received a gift from Nemelex Xobeh
  3316 | D:4      | Reached skill level 5 in Fighting
  3583 | D:4      | Reached *** piety under Nemelex Xobeh
  3586 | D:4      | Received a gift from Nemelex Xobeh
  3684 | D:4      | Found a bloodstained altar of Trog.
  4046 | D:5      | Entered Level 5 of the Dungeon
  4170 | D:5      | Reached skill level 1 in Evocations
  4555 | D:5      | Identified the +0 hand axe of Bubuffel {freeze, Dex+3
                  | Stlth+}
  4577 | D:5      | Found a hazy altar of Hepliaklqana.
  4775 | D:5      | Received a gift from Nemelex Xobeh
  4857 | D:5      | Reached XP level 8. HP: 69/80 MP: 9/9
  4890 | D:5      | Found an ornate altar of the Wu Jian Council.
  5013 | D:6      | Identified the scarf of Wajuc {rC+ rF+, Harm *Corrode SInv}
  5682 | D:6      | Reached skill level 5 in Maces & Flails
  6053 | D:6      | Reached **** piety under Nemelex Xobeh
  6258 | D:7      | Noticed a deep elf pyromancer
  6261 | D:7      | Killed a deep elf pyromancer
  6262 | D:7      | Reached XP level 9. HP: 87/88 MP: 10/10
  6314 | D:7      | Noticed a hornet
  6316 | D:7      | a hornet changed into a hound
  6371 | D:7      | Received a gift from Nemelex Xobeh
  6381 | D:7      | Found a staircase to the Ecumenical Temple.
  6391 | Temple   | Entered the Ecumenical Temple
  6580 | D:7      | Noticed Menkaure
  6593 | D:7      | Killed Menkaure
  6700 | D:7      | Noticed a manticore
  6705 | D:7      | Killed a manticore
  6706 | D:7      | Reached skill level 10 in Maces & Flails
  6919 | D:2      | Bought a beast talisman for 280 gold pieces
  7125 | D:7      | Received a gift from Nemelex Xobeh
  7131 | D:7      | Noticed Jeremiah
  7165 | D:7      | Killed Jeremiah
  7166 | D:7      | Reached skill level 1 in Shapeshifting
  7469 | D:8      | Found a staircase to the Lair.
  7488 | D:7      | Reached XP level 10. HP: 26/96 MP: 11/11
  7838 | D:8      | Found a sparkling altar of Nemelex Xobeh.
  7857 | D:8      | Found a flagged portal.
  7870 | Bailey   | Entered a bailey
  7945 | Bailey   | Noticed an orc knight
  7958 | Bailey   | Killed an orc knight
  7977 | Bailey   | Found a bloodstained altar of Trog.
  8111 | D:8      | Received a gift from Nemelex Xobeh
  8188 | D:8      | Reached skill level 5 in Shapeshifting
  8210 | D:8      | Reached skill level 5 in Invocations
  8638 | D:8      | Received a gift from Nemelex Xobeh
  8702 | D:8      | Reached ***** piety under Nemelex Xobeh
  8712 | D:8      | Noticed Maurice
  8718 | D:8      | Killed Maurice
  8719 | D:8      | Reached XP level 11. HP: 102/102 MP: 15/15
  8830 | D:9      | Noticed a centaur warrior
  8848 | D:9      | Killed a centaur warrior
  9065 | D:9      | Received a gift from Nemelex Xobeh
  9085 | D:9      | Noticed a two-headed ogre
  9089 | D:9      | Killed a two-headed ogre
  9204 | D:9      | Noticed Pikel
  9235 | D:9      | Killed Pikel
  9667 | D:9      | Found a stormy altar of Qazlal.
  9735 | D:9      | You fall into a shaft and drop 3 floors!
  9776 | D:10     | Entered Level 10 of the Dungeon
  9788 | D:10     | Received a gift from Nemelex Xobeh
  9844 | D:10     | Found a shimmering blue altar of Sif Muna.
  9863 | D:10     | Noticed a cyan ugly thing
  9867 | D:10     | Killed a cyan ugly thing
 10580 | D:10     | Received a gift from Nemelex Xobeh
 10611 | D:10     | Identified the +8 war axe of Runitzus {freeze, Will++ Int-4
                  | Dex+4}
 11173 | D:11     | Noticed a manticore
 11179 | D:11     | Killed a manticore
 11313 | D:11     | Reached XP level 12. HP: 89/111 MP: 18/18
 11348 | D:11     | Found a transporter.
 11378 | D:11     | Found a transporter.
 11597 | D:11     | Reached skill level 6 in Fighting
 11711 | D:11     | Acquired 1197 gold pieces
 11718 | D:11     | Acquired the ring of the Giraffatuar {Str+6 Int+3 Slay+3}
 11790 | D:11     | Found Eshroniu's Weapon Boutique.
 11803 | D:11     | Bought 4 curare-tipped darts for 72 gold pieces
 11820 | D:11     | Found a transporter.
 11822 | D:11     | Received a gift from Nemelex Xobeh
 11859 | D:11     | Found a transporter.
 12241 | D:11     | Noticed a two-headed ogre
 12259 | D:11     | Killed a two-headed ogre
 12447 | D:12     | Reached ****** piety under Nemelex Xobeh
 12462 | D:12     | Found a transporter.
 12463 | D:12     | Noticed mopl's ghost (journeyman DjSh)
 12483 | D:12     | Found a transporter.
 12523 | D:12     | Noticed a centaur warrior
 12529 | D:12     | Killed a centaur warrior
 12759 | D:12     | Reached skill level 7 in Fighting
 12762 | D:12     | Reached skill level 10 in Invocations
 13077 | D:12     | Received a gift from Nemelex Xobeh
 13127 | D:12     | Reached skill level 5 in Armour
 13158 | D:12     | Found Sofish's Mayhem Merchandise.
 13160 | D:12     | Noticed a two-headed ogre
 13169 | D:12     | Killed a two-headed ogre
 13173 | D:12     | Noticed a boulder beetle
 13195 | D:12     | Killed a boulder beetle
 13381 | D:12     | Bought a wand of iceblast (1) for 31 gold pieces
 13381 | D:12     | Bought a wand of iceblast (3) for 93 gold pieces
 13422 | D:12     | Found a staircase to the Orcish Mines.
 13736 | D:12     | Reached skill level 8 in Fighting
 13905 | Orc:1    | Entered Level 1 of the Orcish Mines
 14158 | Orc:1    | Found a dark tunnel.
 14254 | Volcano  | Entered a volcano
 14404 | Volcano  | Received a gift from Nemelex Xobeh
 14472 | Volcano  | Found a burning altar of Makhleb.
 14484 | Volcano  | Reached XP level 13. HP: 100/130 MP: 21/21
 14488 | Volcano  | Reached skill level 9 in Fighting
 14596 | Volcano  | Noticed a fire dragon
 14607 | Volcano  | Killed a fire dragon
 15563 | Orc:2    | Entered Level 2 of the Orcish Mines
 15806 | Orc:1    | Received a gift from Nemelex Xobeh
 15994 | Orc:1    | Found a shimmering blue altar of Sif Muna.
 16281 | Orc:2    | Reached skill level 10 in Fighting
 16517 | Orc:2    | Found Osyemyag's General Store.
 16522 | Orc:2    | Bought 2 scrolls of blinking for 270 gold pieces
 16661 | Orc:2    | Found a staircase to the Elven Halls.
 16676 | Orc:2    | Noticed an orc warlord
 16795 | Orc:2    | Killed an orc warlord
 17106 | Orc:2    | Identified the +5 demon trident of the Sun {flame, rElec
                  | Str+4 Dex+2 Stlth-}
 17425 | Orc:2    | Found Vooptev's Antique Weapon Emporium.
 17430 | Orc:2    | Found Huimp's Antique Armour Shoppe.
 17645 | Orc:2    | Found Uginot's Jewellery Shop.
 17668 | Orc:2    | Found Moisoel's Antique Weapon Boutique.
 17674 | Orc:2    | Bought a twisted mace for 240 gold pieces
 17674 | Orc:2    | Identified the +5 mace "Josiz" {drain, Str+4} (You bought
                  | it in a shop on level 2 of the Orcish Mines)
 18191 | Orc:2    | Received a gift from Nemelex Xobeh
 18282 | Orc:2    | Reached skill level 11 in Fighting
 18559 | Lair:1   | Entered Level 1 of the Lair of Beasts
 18571 | Lair:1   | Noticed Joseph
 18597 | D:8      | Noticed Psyche
 18601 | D:8      | Psyche changed into Psyche the river rat
 18601 | D:8      | Noticed Psyche
 18608 | D:8      | Killed Psyche the river rat
 18889 | Lair:1   | Killed Joseph
 20029 | Lair:2   | Received a gift from Nemelex Xobeh
 20052 | Lair:2   | Reached XP level 14. HP: 141/146 MP: 23/23
 20106 | Lair:2   | Found a hole to the Spider Nest.
 20562 | Lair:2   | Noticed an eleionoma
 20566 | Lair:2   | Identified the -1 trident "Fish" {antimagic, Fly rPois
                  | Stlth+}
 20569 | Lair:2   | Reached skill level 12 in Fighting
 20931 | Lair:2   | Reached skill level 15 in Maces & Flails
 20993 | Lair:2   | Received a gift from Nemelex Xobeh
 21169 | Lair:2   | Killed an eleionoma
 21170 | Lair:2   | Found a staircase to the Swamp.
 21605 | Lair:3   | Received a gift from Nemelex Xobeh
 21725 | Lair:3   | Identified the +1 dagger of Severance {freeze, Fly Will+++
                  | Dex-3 Stlth-}
 22095 | Lair:3   | Received a gift from Nemelex Xobeh
 22661 | Lair:3   | Received a gift from Nemelex Xobeh
 23484 | Lair:4   | Reached skill level 13 in Fighting
 23760 | Lair:4   | Received a gift from Nemelex Xobeh
 24126 | Lair:5   | Entered Level 5 of the Lair of Beasts
 24172 | Lair:5   | Reached XP level 15. HP: 57/161 MP: 25/25
 24719 | Lair:5   | Reached skill level 1 in Throwing
 25231 | Lair:5   | Received a gift from Nemelex Xobeh
 25341 | Lair:5   | Found a runed translucent door.
 25345 | Lair:5   | Reached skill level 14 in Fighting
 25345 | Lair:5   | Reached skill level 10 in Armour
 25345 | Lair:5   | Found a viscous altar of Jiyva.
 25348 | Lair:5   | Noticed an azure jelly
 25348 | Lair:5   | Noticed an azure jelly
 25349 | Lair:5   | Found a staircase to the Slime Pits.
 25626 | Lair:5   | Received a gift from Nemelex Xobeh
 25786 | Lair:5   | Identified the +5 trident of Midwinter {freeze, Will+}
 26407 | D:13     | Found a frozen archway.
 26424 | IceCv    | Entered an ice cave
 27276 | IceCv    | Noticed an azure jelly
 27277 | IceCv    | Killed an azure jelly
 27278 | IceCv    | Reached skill level 15 in Invocations
 27326 | IceCv    | Found a viscous altar of Jiyva.
 27377 | IceCv    | Identified the +6 ice dragon scales of Inevitability {rF-
                  | rC++ Regen+}
 27962 | D:13     | Received a gift from Nemelex Xobeh
 28559 | D:13     | Found a burning altar of Makhleb.
 28815 | D:13     | Found a gate to the Vaults.
 28860 | D:13     | Reached skill level 15 in Fighting
 29246 | Orc:2    | Bought a hat for 88 gold pieces
 29392 | D:14     | Received a gift from Nemelex Xobeh
 29786 | D:14     | Reached XP level 16. HP: 154/176 MP: 27/27
 30501 | D:14     | Noticed Lodul
 30505 | D:14     | Killed Lodul
 30761 | D:14     | Received a gift from Nemelex Xobeh
 31104 | D:15     | Entered Level 15 of the Dungeon
 31150 | D:15     | Found a gate leading to a gauntlet.
 31220 | D:15     | Reached skill level 16 in Fighting
 31257 | Gauntlet | Entered a Gauntlet
 31257 | Gauntlet | Found a transporter.
 31257 | Gauntlet | Found a transporter.
 31257 | Gauntlet | Found a transporter.
 31257 | Gauntlet | Found a transporter.
 31272 | Gauntlet | Found a transporter.
 31273 | Gauntlet | Found a transporter.
 31274 | Gauntlet | Received a gift from Nemelex Xobeh
 31278 | Gauntlet | Found a transporter.
 31518 | Gauntlet | Found a transporter.
 31538 | Gauntlet | Found a transporter.
 31565 | Gauntlet | Found a transporter.
 31625 | Gauntlet | Found a transporter.
 31635 | Gauntlet | Found a transporter.
 32036 | D:15     | Found a sparkling altar of Nemelex Xobeh.
 32041 | D:15     | Received a gift from Nemelex Xobeh
 32057 | D:15     | Found a staircase to the Depths.
 32669 | Swamp:1  | Entered Level 1 of the Swamp
 33242 | Swamp:1  | Noticed Frances
 33249 | Swamp:1  | Killed Frances
 33282 | Swamp:1  | Received a gift from Nemelex Xobeh
 33285 | Swamp:1  | Got the Tome of Soot
 33881 | Swamp:2  | Received a gift from Nemelex Xobeh
 34014 | Swamp:2  | Reached skill level 1 in Shields
 34808 | Swamp:3  | Noticed Mlioglotl
 34825 | Swamp:3  | Killed Mlioglotl
 34853 | Swamp:3  | Reached skill level 17 in Fighting
 34853 | Swamp:3  | Identified the +2 long sword of Flawed Execution {spect,
                  | rPois rF+ Str+3 Stlth-}
 34857 | Swamp:3  | Reached XP level 17. HP: 92/191 MP: 29/29
 35209 | Swamp:3  | Received a gift from Nemelex Xobeh
 35542 | Swamp:4  | Entered Level 4 of the Swamp
 35858 | Swamp:4  | Noticed Roxanne
 35990 | Swamp:4  | Received a gift from Nemelex Xobeh
 36900 | Swamp:4  | Identified the +7 mace "Hupsod" {vamp, rC- rN+++ Will+
                  | Str+2 Dex+3}
 37330 | Swamp:4  | Got a decaying rune of Zot
 37433 | Swamp:4  | Killed Roxanne
 37566 | Spider:1 | Entered Level 1 of the Spider Nest
 37574 | Spider:1 | Reached skill level 5 in Shields
 38795 | Spider:1 | Received a gift from Nemelex Xobeh
 38891 | Spider:1 | You fall into a shaft and drop 1 floor!
 39778 | Spider:2 | Received a gift from Nemelex Xobeh
 40141 | Spider:2 | Identified the +0 long sword "Cuizoss" {elec, MP+9}
 40682 | Spider:2 | Reached XP level 18. HP: 189/201 MP: 30/30
 41704 | Spider:3 | Received a gift from Nemelex Xobeh
 41740 | Spider:3 | Reached skill level 10 in Shields
 42665 | Spider:3 | Noticed Arachne
 42679 | Spider:3 | Killed Arachne
 43014 | Spider:3 | Reached skill level 18 in Fighting
 43399 | Spider:4 | Entered Level 4 of the Spider Nest
 43432 | Spider:4 | Received a gift from Nemelex Xobeh
 44964 | Spider:4 | Received a gift from Nemelex Xobeh
 46526 | Spider:4 | Got a gossamer rune of Zot
 46544 | Spider:4 | Reached skill level 19 in Fighting
 46544 | Spider:4 | Reached XP level 19. HP: 212/212 MP: 32/32
 46772 | Spider:4 | Found the amulet of the Four Winds {rN+ Will+++ Clar}
 47238 | Vaults:1 | Entered Level 1 of the Vaults
 47599 | D:12     | Killed mopl's ghost
 47612 | D:12     | Got the ring "Newairph" {rC+ rN+ Str+2 Dex+6 Stlth-}
 47843 | Vaults:2 | Paralysed by a formless jellyfish for 1 turns
 48562 | Vaults:1 | Reached XP level 20. HP: 198/226 MP: 33/33
 49390 | Vaults:2 | Received a gift from Nemelex Xobeh
 49769 | Vaults:2 | Reached skill level 10 in Shapeshifting
 49967 | Elf:1    | Entered Level 1 of the Elven Halls
 50270 | Elf:1    | Paralysed by an air elemental for 1 turns
 50274 | Elf:1    | Paralysed by an air elemental for 1 turns
 50708 | Elf:1    | Got the Lectures on the Storm
 50777 | Elf:1    | Received a gift from Nemelex Xobeh
 51418 | Elf:2    | Found Icaxt's Book Boutique.
 51456 | Elf:2    | Found Nipub's Magic Scroll Shop.
 51471 | Elf:2    | Bought a scroll of fear for 68 gold pieces
 51487 | Elf:2    | Found Ycrukh's Book Emporium.
 51870 | Elf:2    | Found Sanir's Weapon Shoppe.
 51947 | Elf:2    | Found an ancient bone altar of Kikubaaqudgha.
 51950 | Elf:2    | Found Ewipt's Jewellery Boutique.
 51989 | Elf:2    | Found the +7 great mace "Undeadhunter" {deathbane, rN+}
 52469 | Elf:2    | Found a runed translucent gate.
 52470 | Elf:2    | Found a runed translucent gate.
 52470 | Elf:2    | Found a runed translucent gate.
 52593 | Elf:3    | Entered Level 3 of the Elven Halls
 52600 | Elf:3    | Paralysed by an air elemental for 1 turns
 52604 | Elf:3    | Paralysed by an air elemental for 1 turns
 52663 | Elf:3    | Received a gift from Nemelex Xobeh
 52704 | Elf:3    | Found a runed translucent door.
 52763 | Elf:3    | Noticed Assuef's ghost (adept DsBe)
 53562 | Elf:3    | Noticed Boris
 53575 | Elf:3    | Killed Boris
 54345 | Elf:2    | Reached XP level 21. HP: 76/234 MP: 34/34
 54988 | Elf:3    | Identified the +7 war axe of Kismet {freeze, Str+4 Int+2}
 54993 | Elf:3    | Identified the +3 robe "Luakam" {-Tele +Inv rN+++ Int-5}
 55331 | Elf:3    | Received a gift from Nemelex Xobeh
 55337 | Elf:3    | Reached skill level 15 in Shapeshifting
 55397 | Elf:3    | Identified the staff of Indomitability {rN+ Conj}
 55424 | Elf:3    | Identified the +1 flail "Ultimatum" {distort, rF++}
 55427 | Elf:3    | Identified the +6 shortbow of the Bursting Saviour {freeze,
                  | rElec Str-3 Dex+3 Stlth+}
 55551 | Elf:3    | Killed Assuef's ghost
 55773 | Vaults:1 | Learned a level 3 spell: Fugue of the Fallen
 55802 | Vaults:1 | Identified the +0 pair of boots of Exceptional Fun
                  | {*Corrode Int+4}
 55810 | Vaults:1 | Found a portal to a secret trove of treasure.
 55878 | Vaults:1 | Reached skill level 1 in Necromancy
 56823 | Vaults:1 | Reached skill level 5 in Necromancy
 57008 | Vaults:1 | Received a gift from Nemelex Xobeh
 57755 | Vaults:2 | Received a gift from Nemelex Xobeh
 58132 | Vaults:3 | Noticed Jory
 58144 | Vaults:3 | Killed Jory
 58152 | Vaults:3 | Learned a level 4 spell: Dispel Undead
 58727 | Vaults:3 | Reached XP level 22. HP: 209/244 MP: 35/35
 58841 | Vaults:3 | Received a gift from Nemelex Xobeh
 59133 | Vaults:3 | Found a staircase to the Crypt.
 59133 | Vaults:3 | Found a basalt altar of Yredelemnul.
 59134 | Vaults:3 | Found an ancient bone altar of Kikubaaqudgha.
 59211 | Vaults:3 | Reached skill level 5 in Spellcasting
 59397 | Vaults:3 | Reached skill level 1 in Stealth
 59597 | Vaults:3 | Received a gift from Nemelex Xobeh
 59914 | Vaults:3 | Reached skill level 20 in Fighting
 60299 | Vaults:4 | Received a gift from Nemelex Xobeh
 60657 | Vaults:4 | Found Ezeo's Weapon Shoppe.
 60756 | Vaults:4 | Found Tetiv's Antique Armour Shoppe.
 61517 | Vaults:4 | Received a gift from Nemelex Xobeh
 61530 | Vaults:4 | Noticed Donald
 61533 | Vaults:4 | Killed Donald
 61684 | Vaults:5 | Entered Level 5 of the Vaults
 61702 | Vaults:5 | Reached XP level 23. HP: 247/257 MP: 36/36
 61764 | Vaults:5 | Reached skill level 21 in Fighting
 61764 | Vaults:5 | Reached skill level 5 in Stealth
 62132 | Vaults:5 | Identified the staff "Waqip" {rF+ rN+ Necro}
 62155 | Vaults:5 | Received a gift from Nemelex Xobeh
 62255 | Vaults:5 | Identified the +0 robe of the Onion {rElec Will+}
 62321 | Vaults:5 | Identified the +2 pair of boots "Baottage" {Int+3}
 62339 | Vaults:5 | Noticed an ancient lich
 62746 | Vaults:5 | Killed an ancient lich
 62887 | Vaults:5 | Identified the amulet "Lobaupsy" {Faith MP+9}
 63318 | Vaults:5 | Got a silver rune of Zot
 63770 | Depths:1 | Entered Level 1 of the Depths
 63770 | Depths:1 | Received a gift from Nemelex Xobeh
 63775 | Depths:1 | Reached skill level 1 in Translocations
 64151 | Depths:1 | Found Ykionaddu's Mail-Order Catalogue.
 64213 | Depths:1 | Noticed the Enchantress
 64224 | Depths:1 | Killed the Enchantress
 64230 | Depths:1 | Reached XP level 24. HP: 124/273 MP: 37/37
 64734 | Depths:3 | Received a gift from Nemelex Xobeh
 64786 | Depths:2 | Reached skill level 22 in Fighting
 65193 | Depths:3 | Found an ancient bone altar of Kikubaaqudgha.
 65234 | Depths:4 | Entered Level 4 of the Depths
 65276 | Depths:4 | Noticed Margery
 65286 | Depths:4 | Killed Margery
 65628 | Depths:4 | HP: 7/357 [green draconian/+0 mace (16)]
 65628 | Depths:4 | Slain by a black draconian

Illustrated notes

Levels and vault maps discovered:
D:1:      amcnicky_arrival_flooded_fountain, layout_loops_cross,
          bh_walls_and_bars
D:2:      layout_loops_corners, serial_shops, shop,
          shapermc_ecumenical_altar_pompeii
D:3:      layout_basic, gup_sewer_entry_glass
D:4:      layout_basic, trog_book
D:5:      layout_basic, mainiacjoe_overflow_boulevard,
          mainiacjoe_overflow_brackets, serial_library_hellmonk_open_cross
D:6:      nicolae_cairo_tiling_large, layout_loops_ring
D:7:      layout_loops_ring, minmay_temple_entry_butterflies,
          guppyfry_early_elven_hall, uniq_menkaure, uniq_jeremiah
D:8:      layout_loops_ring, overflow_temple_1_default, minmay_lair_entry_grove,
          enter_bailey_8, dk_vineyard_1, uniq_maurice, uniq_psyche
D:9:      layout_irregular_city, nicolae_qazlal_general_emergency,
          serial_bayou_lake_a, uniq_pikel
D:10:     layout_basic, nicolae_overflow_crystal_walls
D:11:     layout_basic, serial_shops, shop_fountains,
          nicolae_transporter_intersection
D:12:     layout_small_grid, kennysheep_orc_monster_closet_entryway,
          gammafunk_ghost_stat_death, minmay_shop_mayhem, fountainhead,
          grunt_ministairs_5
D:13:     nicolae_hitomezashi [nicolae_hito_row, nicolae_hito_row,
          nicolae_hito_row, nicolae_hito_row, nicolae_hito_row,
          nicolae_hito_row, nicolae_hito_row, nicolae_hito_row,
          nicolae_hito_row, nicolae_hito_row, nicolae_hito_row,
          nicolae_hito_row, nicolae_hito_row, nicolae_hito_row,
          nicolae_hito_row, nicolae_hito_row, nicolae_hito_row,
          nicolae_hito_row], layout_loops_ring, grunt_vaults_entry_tiered,
          portal_ice_cave_rime, makhleb_altar_promises_db
D:14:     layout_roguey, serial_corexii_hall, chequers_hall_statues_y,
          corexii_hall_statues_x, corexii_hall_statues_x,
          corexii_hall_statues_x, corexii_hall_statues_deadend,
          corexii_hall_statues_s, uniq_lodul
D:15:     grunt_enter_depths_giant_problem, layout_rooms, nemelex_altar_shiori,
          serial_curves, eino_curves_03, eino_curves_02, gauntlet_entry_generic
Temple:   lightli_temple_of_artemis
Lair:1:   layout_concentric_octagons, grunt_megastairs_4, uniq_joseph
Lair:2:   layout_chaotic_city, alex1729_swamp_entry_worm_eleionoma,
          hellmonk_spider_entry_life_and_decay
Lair:3:   layout_gridlike, chequers_serial_rivers_micro_a, lemuel_fruit_fields,
          infiniplex_staircase_pool, grunt_megastairs_3
Lair:4:   layout_loops_ring, serial_bayou_ford_a, patterned_corridor
Lair:5:   gammafunk_lair_ancient_temple, layout_regular_city, slime_entry_2,
          lemuel_fruit_tree
Swamp:1:  layout_falls_marsh, nicolae_swamp_small_spring, swamp_pool_1_2,
          uniq_frances
Swamp:2:  layout_falls_marsh, evilmike_swamp_ruin_house_4, swamp_pool_4
Swamp:3:  layout_falls_marsh, evilmike_swamp_ruin_house_3, swamp_pool_1_2,
          kb_tengu_band, uniq_mlioglotl
Swamp:4:  swamp_basic_johnstein, layout_basic_swamp, swamp_pool_3, uniq_roxanne
Spider:1: layout_spider_delve, nicolae_spider_webs_and_nodes
Spider:2: layout_spider_delve, drop_trap, hellmonk_spider_spawner
Spider:3: layout_spider_delve, uniq_arachne
Spider:4: hellmonk_spider_rune_endless_swarm, spiders_nest_spider_trap
Orc:1:    layout_caves, enter_volcano_3, serial_shops, kennysheep_orc_sif_temple
Orc:2:    grunt_orc_community_town_hall, layout_caves,
          grunt_orc_community_big_house_2, grunt_orc_community_big_house_2,
          grunt_orc_community_house_2, grunt_orc_community_house_2,
          grunt_orc_community_house_1, grunt_orc_community_house_1,
          serial_shops, nicolae_shop_waterfront, nooodl_orcs_dogs
Elf:1:    nicolae_elf_arrival_fired_up, layout_geoelf_grid,
          kennysheep_underground_church
Elf:2:    nicolae_elf_blades_crystal_corner, layout_onion_city, basic_altar,
          serial_shops, nicolae_shop_bloodbath_and_beyond,
          nicolae_shop_advertising_works [nicolae_subvault_shop_adworks],
          nicolae_shop_temple_entry_statues_fountains, shop,
          nicolae_shop_peninsula, nrook_loot_triangle
Elf:3:    minmay_elf_hall_x, layout_rooms, hellmonk_ghost_happy_afterlife,
          kb_rosetta, uniq_boris
Vaults:1: ontoclasm_vaults_loading_screen, st_eye, nicolae_vaults_trapezoid_3,
          nicolae_vaults_storage_closets_1, ontoclasm_vaults_gateway,
          hangedman_vaults_impose, nicolae_vaults_trapezoid_3,
          nicolae_vaults_octothorpe, nicolae_vaults_closet_pinwheel_2,
          ontoclasm_vaults_decontamination, layout_vaults_big_room,
          enter_trove_2
Vaults:2: nicolae_vaults_little_ls, nicolae_vaults_network_quinsquares
          [nicolae_vaults_network_quincunx_subvault,
          nicolae_vaults_network_quincunx_subvault,
          nicolae_vaults_network_quincunx_subvault,
          nicolae_vaults_network_quincunx_subvault], minmay_orc_keep,
          nicolae_vaults_network_barrier, vaults_room_boxed,
          ontoclasm_vaults_misaligned, nicolae_vaults_closet_pinwheel_4,
          nicolae_vaults_layer_cake_slice, nicolae_vaults_mitosis,
          nicolae_vaults_trapezoid_lopsided_1, nicolae_vaults_trapezoid_4,
          layout_vaults_omnibox
Vaults:3: v_misc_12, nicolae_vaults_closet_pinwheel_1,
          minmay_crypt_entry_necro_gods, nicolae_vaults_diagonal_hallway_8,
          nicolae_vaults_spaceships, v_alt_pattern_5, ontoclasm_vaults_eye,
          nicolae_vaults_sesquioval_fish, nicolae_vaults_little_squares_2,
          nicolae_vaults_little_squares_6, nicolae_vaults_trapezoid_1,
          nicolae_vaults_little_squares_6, layout_vaults_omnigrid, serial_glass,
          uniq_jory
Vaults:4: ontoclasm_vaults_ring_small, v_misc_19, hangedman_vaults_unwind,
          nicolae_vaults_trapezoid_1, v_misc_10, nicolae_vaults_surprise_closet,
          vaults_room_stairs_pillars, vaults_mumra_minichess_inversion,
          hangedman_vaults_snaps, nicolae_vaults_taking_the_gang_shopping,
          nicolae_vaults_asterisk, ontoclasm_vaults_fault,
          ontoclasm_vaults_misaligned, layout_vaults_ring, serial_shops, shop,
          uniq_donald
Vaults:5: serial_shops
Depths:1: layout_big_octagon, hellmouth_1, nrook_mini_vaults,
          monkooky_shop_mail_order, uniq_enchantress
Depths:2: nzn_winding_woodlands_stair_cross
          [nzn_winding_woodlands_5x15_lazy_stream,
          nzn_winding_woodlands_center_triple_pond,
          nzn_winding_woodlands_5x15_split_checker,
          nzn_winding_woodlands_hourglass,
          nzn_winding_woodlands_5x5_closed_star,
          nzn_winding_woodlands_5x15_twine, nzn_winding_woodlands_center_lodge,
          nzn_winding_woodlands_5x15_cabin], layout_small_grid,
          grunt_hell_entry_dis_grunt, pan_entry
Depths:3: kennysheep_bubble_arena, layout_gridlike, enter_ziggurat_b,
          nicolae_abyss_entry_one_way_or_another, wad_floor_pattern_2,
          pf_hell_entry_tar_spiral, minmay_liquid_box, grunt_ministairs_2,
          kennysheep_pointless_box, nicolae_kikubaaqudgha_miasma_corner
Depths:4: lemuel_castle_with_subvaults [lemuel_castle_interior_original],
          layout_cave_pools, serial_column_ruins, column_ruins_hut,
          column_ruins_hut_ruined, column_ruins_grid_4,
          column_ruins_corridor_plus, column_ruins_columns_dead_end,
          column_ruins_open_tiny, rand_demon_pan_entry_3, kennysheep_crisscross,
          pf_coc_iceberg, serial_shops, shop, uniq_margery

Skill      XL: |  1  2  3  4  5  6  7  8  9 10 11 12 13 14 15 16 17 18 19 20 21 22 23 24 |
---------------+-------------------------------------------------------------------------+-----
Dodging        | 2 |  2.8
Fighting       | 2 3 4 5 8 11 13 15 17 19 20 21 22 | 22.3
Armour         | 1 2 3 6 8 9 10 12 | 12.8
Maces & Flails | 1 2 3 8 10 12 13 14 15 16 | 16.6
Invocations    | 1 2 5 9 11 12 14 15 17 18 19 20 21 | 21.2
Evocations     | 3 4 |  4.0
Shapeshifting  | 2 5 7 8 14 16 17 18 | 18.1
Throwing       | 4 |  4.0
Shields        | 2 9 11 12 13 | 13.8
Spellcasting   | 2 4 5 |  5.0
Necromancy     | 6 7 |  7.9
Stealth        | 4 5 |  5.0
Translocations | 2 4 |  4.3
Ranged Weapons | |  1.4
Hexes          | |  2.6
Fire Magic     | |  0.9

Action                     |  1- 3 |  4- 6 |  7- 9 | 10-12 | 13-15 | 16-18 | 19-21 | 22-24 || total
---------------------------+-------+-------+-------+-------+-------+-------+-------+-------++-------
  Melee: Mace              |    83 |   145 |   164 |       |   658 |       |       |       ||  1050
         Headbutt          |    12 |    21 |    33 |    90 |   273 |   354 |   319 |   210 ||  1312
         Punch             |     2 |     3 |     3 |     7 |    22 |     8 |       |       ||    45
         Flail             |       |       |    61 |   471 |    51 |       |       |       ||   583
         Morningstar       |       |       |       |       |   426 |  1255 |   730 |       ||  2411
         Eveningstar       |       |       |       |       |       |       |   329 |   763 ||  1092
         Great mace        |       |       |       |       |       |       |     5 |       ||     5
   Fire: Sling             |    57 |       |       |       |     5 |       |       |       ||    62
  Throw: Dart              |       |       |     2 |    21 |    59 |   207 |    11 |    10 ||   310
         Javelin           |       |       |       |     2 |       |       |       |       ||     2
   Cast: Fugue of the Fall |       |       |       |       |       |       |     2 |    13 ||    15
         Dispel Undead     |       |       |       |       |       |       |       |     8 ||     8
         Blink             |       |       |       |       |       |       |       |     1 ||     1
 Invoke: Draw Destruction  |       |     1 |    11 |    25 |    32 |    60 |    20 |    17 ||   166
         Draw Summoning    |       |       |     4 |     1 |    22 |    23 |     2 |       ||    52
         Stack Five        |       |       |       |     1 |     1 |       |       |       ||     2
         Draw Stack        |       |       |       |       |     2 |       |       |       ||     2
         Draw Escape       |       |       |       |       |       |     1 |     1 |       ||     2
         Deal Four         |       |       |       |       |       |       |     1 |     1 ||     2
Ability: Begin Untransform |       |       |       |     3 |       |       |       |       ||     3
  Evoke: Wand              |       |       |     7 |     5 |     3 |    18 |    17 |    11 ||    61
         Phial of floods   |       |       |       |       |       |     1 |     1 |       ||     2
         Condenser vane    |       |       |       |       |       |       |       |     2 ||     2
         Lightning rod     |       |       |       |       |       |       |       |     3 ||     3
    Use: Potion            |     1 |     2 |       |     1 |     2 |     8 |    10 |    11 ||    35
         Scroll            |       |     5 |     3 |     8 |    11 |     9 |     2 |     4 ||    42
   Stab: Confused          |       |     1 |       |       |       |       |       |       ||     1
         Paralysed         |       |       |     5 |       |       |       |     1 |       ||     6
         Distracted        |       |       |       |       |     1 |     1 |       |     1 ||     3
         Invisible         |       |       |       |       |       |     1 |     3 |       ||     4
 Armour: Robe              |    36 |       |       |       |       |       |       |       ||    36
         Swamp dragon scal |    59 |   140 |   182 |   411 |  1003 |  1563 |   247 |       ||  3605
         Storm dragon scal |       |       |       |       |       |     6 |   446 |       ||   452
         Skin              |       |       |       |       |       |       |   334 |  1061 ||  1395
  Dodge: Dodged            |    63 |    95 |    97 |   183 |   418 |   419 |   263 |   314 ||  1852
  Block: Kite shield       |       |       |       |       |       |   454 |   610 |   675 ||  1739
   Form: Beast             |       |       |     1 |     2 |       |       |       |       ||     3
         Statue            |       |       |       |       |       |       |     1 |       ||     1

Table legend: (Time is in decaauts)
 A = Elapsed time spent in this place.
 B = Non-inter-level travel time spent in this place.
 C = Inter-level travel time spent in this place.
 D = Time resting spent in this place.
 E = Time spent auto-exploring this place.
 F = Levels seen in this place.
 G = Mean time per level.
                   A        B        C        D        E       F      G
               +--------+--------+--------+--------+--------+-----+--------+
         Total |  69533 |  65728 |   3805 |  21860 |  26626 |  48 | 1448.6 |
       Dungeon |  19444 |  17601 |   1843 |   4051 |   9408 |  15 | 1296.3 |
        Temple |      1 |      1 |      0 |      0 |      0 |   1 |    1.0 |
          Lair |   7639 |   7149 |    490 |   2053 |   3393 |   5 | 1527.8 |
         Swamp |   4677 |   4473 |    204 |   1860 |   1597 |   4 | 1169.2 |
   Spider Nest |   9072 |   8748 |    324 |   4123 |   2631 |   4 | 2268.0 |
  Orcish Mines |   3818 |   3428 |    390 |   1481 |    860 |   2 | 1909.0 |
   Elven Halls |   5594 |   5411 |    183 |   2041 |   1628 |   3 | 1864.7 |
        Vaults |  13823 |  13499 |    324 |   4049 |   5751 |   5 | 2764.6 |
        Depths |   2703 |   2658 |     45 |   1102 |    666 |   4 |  675.8 |
         Sewer |    214 |    214 |      0 |     18 |     90 |   1 |  214.0 |
        Bailey |    139 |    139 |      0 |      0 |      0 |   1 |  139.0 |
      Ice Cave |   1030 |   1030 |      0 |    617 |    155 |   1 | 1030.0 |
       Volcano |    677 |    677 |      0 |    301 |    152 |   1 |  677.0 |
      Gauntlet |    695 |    695 |      0 |    161 |    295 |   1 |  695.0 |
               +--------+--------+--------+--------+--------+-----+--------+

Top non-repeatable levels by time:
Vaults:3: 3251 daAuts
Vaults:2: 2864 daAuts
Vaults:5: 2796 daAuts
Vaults:1: 2774 daAuts
Spider:2: 2654 daAuts
Spider:4: 2477 daAuts
Spider:3: 2406 daAuts
   Elf:2: 2335 daAuts
   Orc:2: 2245 daAuts
    D:13: 2237 daAuts
Vaults:4: 2137 daAuts
    D:12: 2035 daAuts
  Lair:2: 2018 daAuts
   Elf:3: 1833 daAuts
    D:14: 1707 daAuts
